 Dungeon Crawl Stone Soup version 0.19.3-1-g3169bf9 (console) character file.

147 Kloppie the Chopper (level 4, -2/38 HPs)
             Began as a Demigod Fighter on Jan 24, 2017.
             Slain by Crazy Yiuf
             ... wielding a +4 quarterstaff of chaos
              (4 damage)
             ... on level 3 of the Dungeon.
             The game lasted 00:03:34 (2062 turns).

Kloppie the Chopper (Demigod Fighter)               Turns: 2062, Time: 00:03:34

Health: -2/38      AC:  4    Str: 24    XL:     4   Next: 81%
Magic:  6/6        EV: 10    Int: 12    God:
Gold:   152        SH:  5    Dex: 17    Spells: 0 memorised, 3 levels left

rFire  . . .     SeeInvis .     a - +0 war axe
rCold  . . .     Gourm    .     n - +0 troll leather armour
rNeg   . . .     Faith    .     p - +0 buckler
rPois  .         Spirit   .     (no helmet)
rElec  .         Reflect  .     (no cloak)
rCorr  .         Harm     .     (no gloves)
MR     .....                    (no boots)
Stlth  +.........               (no amulet)
                                (no ring)
                                (no ring)

@: mighty, drained
A: high mp 1
a: no special abilities


You were on level 3 of the Dungeon.
You were not hungry.

You visited 1 branch of the dungeon, and saw 3 of its levels.

You collected 152 gold pieces.

Inventory:

Hand Weapons
 a - a +0 war axe (weapon)
Armour
 b - a +0 scale mail
 c - a +0 shield
 n - a +0 troll leather armour (worn)
 p - a +0 buckler (worn)
Scrolls
 e - 4 scrolls of remove curse {unknown}
 h - 2 scrolls of identify {unknown}
 i - a scroll of fog {unknown}
 k - 2 scrolls of amnesia {unknown}
 l - 3 scrolls of blinking {unknown}
 m - 3 scrolls of teleportation {unknown}
 q - 2 scrolls of recharging {unknown}
 u - a scroll of enchant weapon {unknown}
Potions
 j - 3 potions of degeneration {unknown}
 s - 2 potions of mutation {unknown}
 t - 2 potions of haste {unknown}
Comestibles
 f - 3 bread rations
 g - a slice of pizza
 o - 2 beef jerkies
 r - 10 chunks of flesh


   Skills:
 - Level 3.3(3.0) Fighting
 + Level 3.7(3.4) Axes
 - Level 2.6(2.3) Armour
 + Level 3.4(3.1) Shields


You had 3 spell levels left.
You didn't know any spells.

Dungeon Overview and Level Annotations

Branches:
Dungeon (3/15)

Annotations:
D:3 Crazy Yiuf


Innate Abilities, Weirdness & Mutations

You have an increased reservoir of magic. (+10% MP)


Message History

Crazy Yiuf shouts!
Crazy Yiuf cries, "Mama!"
Found a mace.
You barely miss Crazy Yiuf.
Crazy Yiuf hits you with a quarterstaff of chaos!
You suddenly lose the ability to move!
Crazy Yiuf hits you with a quarterstaff of chaos!
Crazy Yiuf freezes you.
* * * LOW HITPOINT WARNING * * *
Crazy Yiuf hits you with a quarterstaff of chaos!
* * * LOW HITPOINT WARNING * * *
You feel drained.
* * * LOW HITPOINT WARNING * * *
Crazy Yiuf sings, "Trees, trees, trees, circus!"
Crazy Yiuf hits you with a quarterstaff of chaos!
* * * LOW HITPOINT WARNING * * *
You can move again.
You barely miss Crazy Yiuf.
Crazy Yiuf hits you with a quarterstaff of chaos.
You die...

#### ##### ####♣♣ ###
#..###.... ##.#..♣♣ ♣♣#..)#
#..##.....
#..))..♣♣♣♣@g...#
#......###
#.....).♣..♣#...# #..#...#
# #.##)..♣.♣♣♣ ###
#..<#..### #.###♣♣♣♣♣
#......#.. #..# #......#..
##.#######
########......#.. #.......#
#.............###
#.......####...............
#...........#...#.....)....


You could see Crazy Yiuf.

Vanquished Creatures
  An orc priest (D:3)
  An orc wizard (D:2)
  3 worms (D:2)
  A dart slug (D:1)
  3 leopard geckos
  5 orcs
  4 giant cockroaches
  13 goblins
  11 hobgoblins
  3 jackals (D:3)
  A quokka (D:3)
  10 bats
  A frilled lizard (D:2)
  9 kobolds
  6 rats
72 creatures vanquished.

Notes
Turn   | Place    | Note
-------+----------+-------------------------------------------
     0 | D:1      | Kloppie the Demigod Fighter began the quest for the Orb.
     0 | D:1      | Reached XP level 1. HP: 18/18 MP: 3/3
     0 | D:1      | Noticed a tentacled monstrosity
     6 | D:1      | Noticed an iron dragon
    10 | D:1      | Noticed an orb of fire
    11 | D:1      | Noticed an orb of fire
    12 | D:1      | Noticed a shadow dragon
    15 | D:1      | Noticed an orb of fire
    15 | D:1      | Noticed a shadow dragon
    17 | D:1      | Noticed an ice dragon
    20 | D:1      | Noticed an orb of fire
    20 | D:1      | Noticed a large abomination
    20 | D:1      | Noticed an ice dragon
    22 | D:1      | Noticed a shadow dragon
    22 | D:1      | Noticed a tentacled monstrosity
    22 | D:1      | Noticed a tentacled monstrosity
    24 | D:1      | Noticed a large abomination
    24 | D:1      | Noticed an iron dragon
   142 | D:1      | Reached XP level 2. HP: 24/26 MP: 4/4
   764 | D:1      | Reached XP level 3. HP: 31/31 MP: 5/5
  1385 | D:3      | Reached XP level 4. HP: 37/38 MP: 6/6
  1520 | D:3      | Found a blossoming altar of Fedhas.
  1800 | D:3      | Found a runed door.
  1862 | D:3      | Found a basalt altar of Yredelemnul.
  1909 | D:3      | Found a glowing golden altar of the Shining One.
  1997 | D:3      | Noticed an angel
  2055 | D:3      | Noticed Crazy Yiuf
  2058 | D:3      | Paralysed by Crazy Yiuf for 4 turns
  2062 | D:3      | Slain by Crazy Yiuf

Skill      XL: |  1  2  3 |
---------------+----------+-----
Axes           | 2 3 |  3.7
Fighting       | 3 |  3.3
Shields        | 3 |  3.4
Armour         | |  2.6

Action                   |  1- 3 |  4- 6 || total
-------------------------+-------+-------++-------
Melee: War axe           |   123 |    74 ||   197
  Use: Potion            |       |     1 ||     1
  Eat: Chunk             |     1 |     3 ||     4
Armor: Scale mail        |    32 |       ||    32
       Troll leather arm |    31 |    19 ||    50
Dodge: Dodged            |    63 |    44 ||   107
Block: Buckler           |    10 |    25 ||    35
